 Dungeon Crawl Stone Soup version 0.25-a0-589-g1e14c549ee (webtiles) character file.

Game seed: 12647842696307151043, levelgen mode: deterministic

46 Conn the Magician (level 3, -4/21 HPs)
             Began as an Octopode Wizard on Mar 11, 2020.
             Killed from afar by Natasha (10 damage)
             ... with a magic dart
             ... on level 2 of the Dungeon.
             The game lasted 00:05:20 (1266 turns).

Conn the Magician (Octopode Wizard)                 Turns: 1266, Time: 00:05:20

Health: -4/21      AC:  1    Str:  6    XL:     3   Next: 66%
Magic:  4/8        EV: 13    Int: 21    God:
Gold:   90         SH:  0    Dex: 10    Spells: 2/10 levels left

rFire    . . .     SeeInvis .   g - +0 dagger
rCold    . . .     Gourm    .   (no shield)
rNeg     . . .     Faith    .   a - +0 hat
rPois    .         Spirit   .   (no amulet)
rElec    .         Reflect  .   (no ring)
rCorr    .         Harm     .   (no ring)
MR       .....                  (no ring)
Stlth    +++.......             (no ring)
HPRegen  0.07/turn              (no ring)
MPRegen  0.11/turn              (no ring)
                                (no ring)
                                (no ring)

@: very slightly contaminated, slowed, very slow
A: almost no armour, stealthy swim, amphibious, 8 rings, constrict 8, camouflage
1, gelatinous body 1
a: no special abilities


You were on level 2 of the Dungeon.
You were not hungry.

You visited 1 branch of the dungeon, and saw 2 of its levels.

You collected 90 gold pieces.

Inventory:

Hand Weapons
 g - a +0 dagger (weapon)
Missiles
 i - 31 stones (quivered)
 m - 8 arrows
Armour
 a - a +0 hat (worn)
 e - a +0 kite shield
Scrolls
 d - 2 scrolls of identify {unknown}
 h - a scroll of remove curse {unknown}
 k - a scroll of amnesia {unknown}
Comestibles
 c - 3 rations


   Skills:
 - Level 2.0 Dodging
 - Level 2.6 Stealth
 + Level 4.0 Spellcasting
 * Level 1.8 Conjurations
 - Level 1.0 Summonings
 - Level 1.0 Translocations


You had 2 spell levels left.
You knew the following spells:

 Your Spells              Type           Power        Failure   Level  Hunger
a - Magic Dart            Conj           ##..         6%          1    None
b - Blink                 Tloc           N/A          12%         2    #......
c - Call Imp              Summ           #.......     12%         2    #......
d - Conjure Flame         Conj/Fire      #.......     24%         3    ###....

Your spell library contained the following spells:

 Spells                   Type           Power        Failure   Level  Hunger
 Slow                     Hex            #.......     19%         2    #......
 Mephitic Cloud           Conj/Pois/Air  #.......     28%         3    ###....


Dungeon Overview and Level Annotations

Branches:
Dungeon (2/15)

Altars:

Annotations:
D:2 Natasha


Innate Abilities, Weirdness & Mutations

You cannot wear most types of armour.
You are very stealthy in the water. (Stealth+)
You are amphibious.
You can wear up to eight rings at the same time.
You can use your tentacles to constrict eight enemies at once.
Your skin changes colour to match your surroundings (Stealth+).
Your rubbery body absorbs attacks. (AC +1, EV +1)


Message History

Guard this area!
Natasha wildly gestures.
You feel disoriented.
Natasha casts a spell.
Your shadow imp misses Natasha.
Natasha casts a spell at you. The magic dart hits you.
The shadow imp hits your shadow imp.
Your shadow imp hits the shadow imp but does no damage.
Natasha stares at you and mumbles some strange words.
The magic dart hits you.
* * * LOW HITPOINT WARNING * * *
Unknown command.
Something closely misses your shadow imp.
Your shadow imp gestures at Natasha.
Natasha writhes in agony.
Something closely misses your shadow imp.
You aren't carrying any potions.
Natasha stares at you and mumbles some strange words.
The magic dart hits you!
You die...

..... #.# !....##.#
#....÷# ##
..##.#.). ...
......... ..
.#####.#.# #.####
###.### #.#..
#....#
.......##.##. #@##
.............
#..##.5.......###÷
#####
##..h.5...###.....
......######.######
##....
...^.....†5..#
#....
......######.##
#.... ..... #..####
#.... ....
##....#####.... ...
####..........


You could see Natasha.

Vanquished Creatures
  2 adders (D:2)
  A giant cockroach (D:1)
  7 goblins
  2 hobgoblins (D:1)
  A quokka (D:2)
  2 bats
  2 frilled lizards
  2 kobolds
  2 rats
21 creatures vanquished.

Vanquished Creatures (collateral kills)
  Natasha (D:2)
1 creature vanquished.

Grand Total: 22 creatures vanquished

Notes
Turn   | Place    | Note
-------+----------+-------------------------------------------
     0 | D:1      | Conn the Octopode Wizard began the quest for the Orb.
     0 | D:1      | Reached XP level 1. HP: 11/11 MP: 4/4
   420 | D:1      | Reached XP level 2. HP: 17/17 MP: 6/6
   443 | D:1      | Learned a level 2 spell: Blink
   446 | D:1      | Learned a level 2 spell: Call Imp
   813 | D:2      | Reached XP level 3. HP: 21/21 MP: 4/8
   854 | D:2      | Learned a level 3 spell: Conjure Flame
   956 | D:2      | HP: 1/31 [poisoned by an adder]
  1249 | D:2      | Noticed Natasha
  1260 | D:2      | Killed Natasha
  1260 | D:2      | Reached skill level 4 in Spellcasting
  1261 | D:2      | Noticed Natasha
  1266 | D:2      | Killed from afar by Natasha

Levels and vault maps discovered:
D:1:      onia_arrival_pentagram, layout_basic, minmay_misc_feat_four_crosses
D:2:      layout_rooms, uniq_crazy_yiuf_cottage, uniq_natasha

Skill      XL: |  1  2  3 |
---------------+----------+-----
Spellcasting   | 4 |  4.0
Dodging        | |  2.0
Stealth        | |  2.6
Conjurations   | |  1.8
Summonings     | |  1.0
Translocations | |  1.0

Action                   || total
-------------------------++-------
Melee: Dagger            ||    13
       Tentacles         ||     2
       Unarmed           ||     1
       Constrict         ||     1
 Cast: Magic Dart        ||    35
       Call Imp          ||     4
  Use: Potion            ||     5
 Stab: Sleeping          ||     3
  Eat: Chunk             ||     1
Armor: Skin              ||     8
Dodge: Dodged            ||    26

Table legend:
 A = Non-vault XP
 B = Vault XP
 C = Vault XP percentage of total XP
 D = Non-vault monster count
 E = Vault monster count
 F = Vault count percentage of total count
                 A         B        C        D         E       F
            +---------+---------+-------+---------+---------+-------
      Total |      48 |      18 |  27.3 |      21 |       1 |   4.5
            +---------+---------+-------+---------+---------+-------
        D:1 |      19 |       0 |   0.0 |      12 |       0 |   0.0
        D:2 |      29 |      18 |  38.3 |       9 |       1 |  10.0
            +---------+---------+-------+---------+---------+-------
